 Dungeon Crawl Stone Soup version 0.16-a0-3467-gfe061fe (webtiles) character file.

203283 Gorice the Devastator (level 17, -11/110 HPs)
             Began as a Deep Elf Conjurer on Dec 31, 2014.
             Was the Champion of Sif Muna.
             Mangled by a shadow wraith (14 damage)
             ... on level 1 of the Vaults on Jan 2, 2015.
             The game lasted 08:32:48 (41930 turns).

Gorice the Devastator (Deep Elf Conjurer)          Turns: 41930, Time: 08:32:52

Health: -11/110    AC: 12    Str:  5    XL:     17   Next: 97%
Magic:  9/41       EV: 22    Int: 28    God:    Sif Muna [******]
Gold:   3207       SH:  7    Dex: 15    Spells: 15 memorised, 5 levels left

rFire  + . .     SeeInvis .     b - +0 blowgun
rCold  . . .     Clarity  .     z - +2 robe {MR+}
rNeg   . . .     SustAb   .     N - +2 buckler {reflect}
rPois  .         Gourm    .     T - +1 helmet
rElec  .         Spirit   .     U - +0 cloak
rCorr  .         Warding  .     w - +2 pair of gloves
rMut   .         Stasis   .     q - +1 pair of boots {Fly}
MR     +++..                    i - amulet of faith
Stlth  ++........               h - ring of protection from fire
                                K - ring of protection from magic

@: flying, slowed, studying Fighting, repel missiles, very slow, extremely
resistant to hostile enchantments, unstealthy
A: regeneration 1
a: Channel Energy, Forget Spell, Renounce Religion, Stop Flying
}: 1/15 runes: barnacled


You were on level 1 of the Vaults.
You worshipped Sif Muna.
Sif Muna was exalted by your worship.
You were not hungry.

You visited 6 branches of the dungeon, and saw 34 of its levels.
You also visited: Trove and Sewer.

You collected 4724 gold pieces.
You spent 1517 gold pieces at shops.

Inventory:

Hand weapons
 a - a +2 falchion of freezing
   (You took it off a wight on level 10 of the Dungeon)
 b - a +0 blowgun (weapon)
Missiles
 s - 17 curare-tipped needles (quivered)
 Y - 12 throwing nets
Armour
 q - a +1 pair of boots of flying (worn)
   (You found it in a treasure trove)
 w - a +2 pair of gloves (worn)
 z - a +2 robe of magic resistance (worn)
   (You took it off an orc wizard on level 2 of the Orcish Mines)
 N - a +2 buckler of reflection (worn)
   (You bought it in a shop on level 4 of the Orcish Mines)
 T - a +1 helmet (worn)
 U - a +0 cloak (worn)
Magical staves
 x - an uncursed staff of air
Jewellery
 g - an uncursed amulet of clarity
 h - a ring of protection from fire (right hand)
 i - an amulet of faith (around neck)
 k - an uncursed ring of see invisible
 E - a +2 ring of intelligence
 I - an uncursed amulet of resist mutation
 K - a ring of protection from magic (left hand)
 M - an uncursed ring of protection from cold
 W - an uncursed ring of positive energy
Magical devices
 d - a wand of disintegration (1)
 f - a wand of teleportation (4)
 p - a wand of cold (9)
 u - a wand of digging (8)
 B - a wand of hasting (6)
Scrolls
 m - 9 scrolls of teleportation
 G - 8 scrolls of identify
 J - 5 scrolls of fog
 L - 12 scrolls of remove curse
 Q - 2 scrolls of blinking
Potions
 j - 15 potions of curing
 l - 2 potions of invisibility
 o - 5 potions of might
 t - 4 potions of cancellation
 A - 2 potions of heal wounds
 C - a potion of haste
 O - 2 potions of ambrosia
 P - a potion of resistance
 X - a potion of agility
Books
 V - a manual of Fighting {!d}
Miscellaneous
 S - a lamp of fire (inert)
Comestibles
 v - 32 fruits
 y - 16 bread rations


   Skills:
 + Level 13.7 Fighting
 - Level 15.0 Dodging
 - Level 2.4 Stealth
 - Level 5.0 Shields
 + Level 17.1 Spellcasting
 - Level 19.0 Conjurations
 - Level 11.5 Charms
 + Level 2.8 Fire Magic
 + Level 9.7 Invocations


You had 5 spell levels left.
You knew the following spells:

 Your Spells              Type           Power        Failure   Level  Hunger
a - Magic Dart            Conj           ####         0%          1    None
b - Searing Ray           Conj           ######       0%          2    None
c - Dazzling Spray        Conj/Hex       ######..     1%          3    None
d - Iskenderun's Mystic   Conj           #######.     0%          4    None
e - Fulminant Prism       Conj/Hex       ######....   1%          4    None
f - Iskenderun's Battles  Conj/Chrm      #######.     1%          5    None
g - Conjure Flame         Conj/Fire      ######..     1%          3    None
h - Force Lance           Conj/Tloc      ######..     1%          4    None
i - Sticky Flame          Conj/Fire      ######..     1%          4    None
j - Bolt of Fire          Conj/Fire      ######....   3%          6    ###....
A - Apportation           Tloc           ###.......   1%          1    None
B - Summon Butterflies    Summ           ###.....     1%          1    None
M - Repel Missiles        Chrm/Air       ######       1%          2    None
R - Regeneration          Chrm/Necr      ######....   1%          3    None
S - Swiftness             Chrm/Air       ######..     1%          2    None


Dungeon Overview and Level Annotations

Branches:
Dungeon (15/15)            Temple (1/1) D:7            Lair (8/8) D:11
 Shoals (5/5) Lair:4       Spider (0/5) Lair:3        Slime (0/6) Lair:6
    Orc (4/4) D:10            Elf (0/3) Orc:4        Vaults (1/5) D:14
 Depths (0/5) D:15

Altars:
Ashenzari
Cheibriados
Dithmenos
Elyvilon
Fedhas
Gozag
Kikubaaqudgha
Makhleb
Nemelex Xobeh
Okawaru
Qazlal
Ru
Sif Muna
Trog
Vehumet
Xom
Yredelemnul
Zin
The Shining One
Beogh

Shops:
D:6 *   D:8 ?   D:13 (   Orc:4 *=[(*

Portals:
Hell: Lair:8

Annotations:
Shoals:1 exclusion: kraken
Shoals:4 exclusion: kraken


Innate Abilities, Weirdness & Mutations

Your natural rate of healing is unusually fast.


Message History

You feel strangely unstable.
Use which ability? (? or * to list)
You channel some magical energy.
You feel somewhat more hungry.
Your fire elemental hits the stone giant.
Your fire elemental burns the stone giant!
Your surroundings suddenly seem different.
You hear a chilling moan.
Eat a chunk of flesh? (ye/n/q/i?) This raw flesh tastes terrible.
You continue eating.
Something hits you!!
* * * LOW HITPOINT WARNING * * *
Something drains your vigour!
You feel yourself slow down.
* * * LOW HITPOINT WARNING * * *
Deactivating autopickup; reactivate with Ctrl-A.
You continue eating.
Something hits you.
* * * LOW HITPOINT WARNING * * *
Something hits you!
You die...

...
+....#
#....#
#....#
#....#
+....#
+....#
#....#
#..@.#
#....#
+....#
#....#
######


There were no monsters in sight!

Vanquished Creatures
  Norris (Shoals:2)
  Polyphemus (Shoals:4)
  Roxanne (D:15)
  Ilsuiw (Shoals:5)
  Louise (Shoals:4)
  2 orc warlords (Orc:4)
  Gastronok (Lair:2)
  The ghost of BLOAX the Nimble, a powerful MiGl of Cheibriados (Shoals:4)
  The ghost of Gorice the Spry, a powerful DECj of Sif Muna (Lair:8)
  A dire elephant (Lair:8)
  8 merfolk javelineers
  2 yaktaur captains
  14 merfolk impalers
  The ghost of yuleCrawler the Severer, a powerful FoFi of Okawaru (Lair:3)
  Fannar (Orc:2)
  Harold (Lair:6)
  9 hydras
  Nessos (D:11)
  3 merfolk avatars
  Erica (Lair:2)
  3 alligator snapping turtles (Shoals:5)
  6 merfolk aquamancers
  A centaur warrior (D:13)
  An orc high priest (Orc:4)
  9 death yaks
  A tengu warrior (D:15)
  3 satyrs
  A sun demon (Lair:8)
  A catoblepas (Shoals:4)
  A soul eater (Vaults:1)
  A shadow wraith (Vaults:1)
  Erolcha (Orc:4)
  17 sea snakes
  2 wizards
  11 hill giants
  A lindwurm (shapeshifter) (D:15)
  3 unseen horrors
  7 orc knights
  5 griffons
  10 manticores
  2 orc sorcerers (Orc:4)
  8 harpies
  A salamander (D:15)
  A wolf spider (D:15)
  14 fauns
  28 ugly things
  A draconian (shapeshifter) (D:13)
  A phantasmal warrior (Vaults:1)
  15 sirens
  A sixfirhy (Lair:8)
  8 water nymphs
  6 cyclopes
  Maurice (Orc:2)
  5 black mambas
  A centaur zombie (D:14)
  A drowned soul (Shoals:5)
  A gargoyle (D:14)
  A torpor snail (Lair:4)
  A vault sentinel (Vaults:1)
  A hellwing (Lair:8)
  10 komodo dragons
  Psyche (D:13)
  4 fire drakes
  5 elephants (Lair:8)
  3 orange demons
  4 kobold demonologists
  13 spiny frogs
  2 yaktaurs (D:14)
  A queen bee (D:10)
  A tengu conjurer (D:15)
  49 merfolk
  A troll (shapeshifter) (D:13)
  3 red devils (Lair:8)
  5 blue devils (Lair:8)
  A polar bear (Lair:2)
  A queen bee (shapeshifter) (D:13)
  10 trolls
  Grinder (D:3)
  3 ravens (D:15)
  A two-headed ogre (D:9)
  Prince Ribbit (Lair:3)
  4 wind drakes
  A raven (shapeshifter) (D:15)
  14 slime creatures
  17 blink frogs
  A boulder beetle (Lair:7)
  7 snapping turtles
  2 shadows
  19 water elementals
  2 basilisks
  5 wyverns
  A deep elf mage (D:11)
  62 yaks
  9 hippogriffs
  3 wraiths
  A spriggan (Lair:4)
  4 hungry ghosts
  Grum (Orc:1)
  8 vampire mosquitoes
  4 ynoxinuls (Trove)
  A neqoxec (Vaults:1)
  5 wargs
  23 wolves
  10 water moccasins
  4 ice beasts
  A necrophage (D:7)
  2 mottled dragons
  6 sky beasts
  34 orc warriors
  11 porcupines
  3 phantoms
  Purgy (Sewer)
  4 boring beetles
  11 ogres
  An eye of draining (D:13)
  10 centaurs
  Sigmund (D:2)
  Duvessa (D:4)
  16 crocodiles
  3 big kobolds
  An elf zombie (D:7)
  20 giant frogs
  6 scorpions
  A troll skeleton (D:7)
  33 killer bees
  2 quasits
  16 wights
  6 electric eels
  Dowan (D:4)
  11 crimson imps
  15 hounds
  5 goliath beetles
  2 giant frog zombies
  5 centaur skeletons
  A giant frog skeleton (D:11)
  7 jellies
  4 human zombies (D:7)
  24 orc priests
  24 orc wizards
  8 iguanas
  13 worker ants
  26 sheep
  3 mummies (D:7)
  A worker ant zombie (D:5)
  4 gnolls (Orc:3)
  43 river rats
  24 adders
  2 giant mites
  3 shadow imps
  4 worms
  34 ufetubi
  2 adder zombies
  2 adder skeletons
  An ooze (D:3)
  6 giant geckos
  203 orcs
  2 ball pythons
  9 giant cockroaches
  20 hobgoblins
  3 jackals (D:7)
  3 quokkas
  12 bats
  A giant gecko skeleton (D:4)
  7 giant newts
  A giant spore (D:15)
  22 goblins
  49 kobolds
  An orc zombie (D:7)
  A quokka skeleton (D:4)
  24 rats
  15 ballistomycetes (D:15)
  A fungus (Orc:4)
  A plant (Shoals:5)
1403 creatures vanquished.

Vanquished Creatures (others)
  A fire giant (Vaults:1)
  A merfolk javelineer (Shoals:5)
  A drowned soul (Shoals:5)
  21 fulminant prisms
  An ufetubus (Trove)
  A giant spore (D:15)
  2 ballistomycetes (D:15)
  8 fungi
  5 plants
41 creatures vanquished.

Grand Total: 1444 creatures vanquished

Notes
Turn   | Place    | Note
--------------------------------------------------------------
     0 | D:1      | Gorice, the Deep Elf Conjurer, began the quest for the Orb.
     0 | D:1      | Reached XP level 1. HP: 10/10 MP: 5/5
   217 | D:1      | Reached XP level 2. HP: 12/15 MP: 1/8
   705 | D:1      | Learned a level 2 spell: Searing Ray
   776 | D:2      | Reached skill level 5 in Conjurations
   781 | D:2      | Found a glowing golden altar of the Shining One.
   808 | D:2      | Reached XP level 3. HP: 19/19 MP: 4/11
   927 | D:2      | Reached skill level 4 in Spellcasting
   979 | D:2      | Found a burning altar of Makhleb.
  1135 | D:2      | Noticed Sigmund
  1295 | D:3      | Noticed Grinder
  1598 | D:3      | Reached XP level 4. HP: 20/24 MP: 8/15
  2217 | D:4      | Reached skill level 5 in Spellcasting
  2242 | D:3      | Reached skill level 6 in Conjurations
  2242 | D:3      | Reached XP level 5. HP: 14/28 MP: 0/19
  2509 | D:4      | Found a glowing drain.
  2555 | Sewer    | Entered a sewer
  2627 | Sewer    | Learned a level 3 spell: Dazzling Spray
  2632 | Sewer    | Learned a level 4 spell: Iskenderun's Mystic Blast
  2707 | Sewer    | Noticed Purgy
  2800 | Sewer    | Killed Purgy
  2800 | Sewer    | Reached skill level 6 in Spellcasting
  2800 | Sewer    | Reached XP level 6. HP: 27/32 MP: 8/22
  2874 | D:4      | Reached skill level 7 in Conjurations
  3013 | D:4      | Noticed Duvessa
  3026 | D:4      | Noticed Dowan
  3041 | D:4      | Killed Duvessa
  3053 | D:4      | Killed Dowan
  3319 | D:4      | Reached XP level 7. HP: 36/36 MP: 22/24
  3459 | D:5      | Entered Level 5 of the Dungeon
  3502 | D:5      | Reached skill level 7 in Spellcasting
  3634 | D:5      | Reached skill level 8 in Conjurations
  4095 | D:5      | Found a bloodstained altar of Trog.
  4341 | D:5      | Reached skill level 1 in Fighting
  4428 | D:5      | Reached XP level 8. HP: 23/43 MP: 14/27
  4597 | D:5      | Found a shattered altar of Ashenzari.
  4651 | D:5      | Reached skill level 8 in Spellcasting
  4651 | D:5      | Reached skill level 9 in Conjurations
  4981 | D:4      | Found a basalt altar of Yredelemnul.
  4981 | D:4      | Found a radiant altar of Vehumet.
  5042 | D:6      | Reached skill level 2 in Fighting
  5106 | D:6      | Found Surphaob's General Store.
  5131 | D:6      | Bought a scroll of identify for 26 gold pieces
  5131 | D:6      | Bought a scroll of fog for 26 gold pieces
  5131 | D:6      | Bought a scroll of teleportation for 39 gold pieces
  5131 | D:6      | Bought a potion of curing for 39 gold pieces
  6572 | D:6      | Found a glowing silver altar of Zin.
  6573 | D:6      | Noticed an angel
  6662 | D:7      | Found a deep blue altar of Sif Muna.
  6684 | D:7      | Became a worshipper of Sif Muna the Loreminder
  7027 | D:7      | Reached skill level 3 in Fighting
  7027 | D:7      | Reached skill level 10 in Conjurations
  7074 | D:7      | Found a staircase to the Ecumenical Temple.
  7079 | Temple   | Entered the Ecumenical Temple
  7206 | Temple   | Learned a level 4 spell: Fulminant Prism
  7212 | Temple   | Learned a level 5 spell: Iskenderun's Battlesphere
  7249 | D:7      | Reached skill level 1 in Charms
  7262 | D:7      | Reached skill level 9 in Spellcasting
  7302 | D:7      | Reached XP level 9. HP: 23/51 MP: 10/29
  7304 | D:7      | Acquired Sif Muna's first power
  7304 | D:7      | Reached skill level 2 in Charms
  7766 | D:7      | Reached skill level 3 in Charms
  8048 | D:7      | Reached skill level 4 in Fighting
  8213 | D:7      | Reached skill level 4 in Charms
  8234 | D:7      | Acquired Sif Muna's second power
  8234 | D:7      | Reached skill level 11 in Conjurations
  8364 | D:7      | Found an ancient bone altar of Kikubaaqudgha.
  8739 | D:8      | Reached skill level 10 in Spellcasting
  9036 | D:8      | Found Mnauxzeu's Magic Scroll Shop.
  9053 | D:8      | Bought a scroll of identify for 24 gold pieces
  9053 | D:8      | Bought a scroll of remove curse for 36 gold pieces
  9098 | D:8      | Reached skill level 5 in Charms
  9334 | D:8      | Found a sparkling altar of Nemelex Xobeh.
  9521 | D:9      | Found an iron altar of Okawaru.
  9532 | D:9      | Reached skill level 1 in Shields
  9532 | D:9      | Reached XP level 10. HP: 58/58 MP: 25/31
  9679 | D:9      | Found a stormy altar of Qazlal.
 10120 | D:9      | Reached skill level 6 in Charms
 10297 | D:10     | Entered Level 10 of the Dungeon
 10341 | D:10     | Reached skill level 5 in Fighting
 10352 | D:10     | Reached skill level 2 in Shields
 10355 | D:10     | Reached skill level 12 in Conjurations
 10508 | D:10     | Noticed a hill giant
 10517 | D:10     | Killed a hill giant
 10537 | D:10     | Reached skill level 7 in Charms
 10545 | D:10     | Acquired Sif Muna's third power
 10593 | D:10     | Noticed a hill giant
 10620 | D:10     | Killed a hill giant
 10620 | D:10     | Reached skill level 3 in Shields
 10620 | D:10     | Reached skill level 11 in Spellcasting
 10744 | D:10     | Found a staircase to the Orcish Mines.
 10821 | D:10     | Noticed a hill giant
 10828 | D:10     | Killed a hill giant
 10828 | D:10     | Reached XP level 11. HP: 62/64 MP: 22/33
 10869 | D:10     | Noticed a hill giant
 10892 | D:10     | Killed a hill giant
 10985 | D:10     | Reached skill level 13 in Conjurations
 11428 | D:10     | Found a portal to a secret trove of treasure.
 11634 | D:3      | Killed Grinder
 11892 | D:2      | Killed Sigmund
 11892 | D:2      | Reached skill level 6 in Fighting
 12295 | D:11     | Found a staircase to the Lair.
 12306 | D:11     | Reached skill level 4 in Shields
 12575 | D:11     | Gained mutation: Your natural rate of healing is unusually fast. [potion of beneficial mutation]
 12614 | D:11     | Found a shattered altar of Ashenzari.
 12723 | D:11     | Reached skill level 12 in Spellcasting
 12985 | D:11     | Noticed Nessos
 12989 | D:11     | Killed Nessos
 12989 | D:11     | Reached skill level 14 in Conjurations
 13161 | D:11     | Found Wiqats' Armour Shoppe.
 13232 | Lair:1   | Entered Level 1 of the Lair of Beasts
 13285 | Lair:1   | Learned a level 1 spell: Summon Butterflies
 13384 | Lair:1   | Learned a level 2 spell: Repel Missiles
 13388 | Lair:1   | Learned a level 2 spell: Swiftness
 13487 | Lair:1   | Noticed an eight-headed hydra
 13542 | Lair:1   | Reached XP level 12. HP: 71/71 MP: 12/35
 13600 | Lair:1   | Killed an eight-headed hydra
 13600 | Lair:1   | Reached skill level 7 in Fighting
 13756 | Lair:1   | Reached skill level 5 in Shields
 14072 | Lair:1   | Received a gift from Sif Muna
 14073 | Lair:1   | Identified Sif Muna's Almanac of Torrid Confrontation (Sif Muna gifted it to you on level 1 of the Lair of Beasts)
 14107 | Lair:1   | Learned a level 3 spell: Conjure Flame
 14115 | Lair:1   | Upgraded the game from 0.16-a0-3425-gb4a0a08 to 0.16-a0-3458-g6d2551d
 14120 | Lair:1   | Learned a level 3 spell: Flight
 14629 | Lair:2   | Noticed Gastronok
 14679 | Lair:2   | Noticed Erica
 14865 | Lair:2   | Reached skill level 3 in Dodging
 15725 | Lair:3   | Noticed Prince Ribbit
 15734 | Lair:3   | Reached skill level 4 in Dodging
 15735 | Lair:3   | Killed Prince Ribbit
 15894 | Lair:3   | Found a hole to the Spider Nest.
 15933 | Lair:3   | Reached skill level 13 in Spellcasting
 15995 | Lair:3   | Reached skill level 15 in Conjurations
 16099 | Lair:3   | Noticed yuleCrawler's ghost (powerful FoFi)
 16118 | Lair:3   | Killed yuleCrawler's ghost
 16303 | Lair:3   | Reached skill level 5 in Dodging
 16323 | Lair:4   | Found a staircase to the Shoals.
 16850 | Lair:4   | Reached skill level 8 in Fighting
 17236 | Lair:5   | Noticed a four-headed hydra
 17247 | Lair:5   | Killed a four-headed hydra
 17358 | Lair:5   | Reached XP level 13. HP: 78/78 MP: 28/36
 17591 | Lair:5   | Found a staircase to the Shoals.
 18145 | Lair:6   | Reached skill level 6 in Dodging
 18242 | Lair:6   | Learned a level 3 spell: Regeneration
 18394 | Lair:6   | Found a staircase to the Slime Pits.
 18497 | Lair:6   | Received a gift from Sif Muna
 18509 | Lair:6   | Reached skill level 16 in Conjurations
 18510 | Lair:6   | Identified Sif Muna's Catalogue of Confrontation and Beguiling (Sif Muna gifted it to you on level 6 of the Lair of Beasts)
 18670 | Lair:6   | Noticed Harold
 18699 | Lair:6   | Reached skill level 14 in Spellcasting
 18712 | Lair:6   | Reached skill level 7 in Dodging
 18714 | Lair:6   | HP: 1/79 [death yak (13)]
 18784 | Lair:6   | Killed Harold
 19979 | Lair:7   | Reached skill level 9 in Fighting
 20536 | Lair:8   | Entered Level 8 of the Lair of Beasts
 20727 | Lair:8   | Noticed Gorice's ghost (powerful DECj)
 20783 | Lair:8   | Killed Gorice's ghost
 20783 | Lair:8   | Reached skill level 8 in Dodging
 20861 | Lair:8   | Reached XP level 14. HP: 86/86 MP: 33/38
 21035 | Lair:8   | Reached skill level 17 in Conjurations
 21326 | Lair:8   | Received a gift from Sif Muna
 21327 | Lair:8   | Identified Sif Muna's Almanac of Assistive Battle Magic (Sif Muna gifted it to you on level 8 of the Lair of Beasts)
 21333 | Lair:8   | Learned a level 4 spell: Force Lance
 21716 | Lair:8   | Reached skill level 15 in Spellcasting
 21753 | Lair:8   | Noticed a dire elephant
 21814 | Lair:8   | Killed a dire elephant
 22061 | Lair:8   | Reached skill level 9 in Dodging
 22180 | Lair:8   | Found a burning altar of Makhleb.
 22463 | Lair:8   | Found a gateway to Hell.
 22730 | Lair:2   | Killed Gastronok
 22803 | Lair:2   | Killed Erica
 23096 | Orc:1    | Entered Level 1 of the Orcish Mines
 23277 | Orc:2    | Noticed Grum
 23322 | Orc:1    | Killed Grum
 23447 | Orc:2    | Reached skill level 10 in Fighting
 23523 | Orc:2    | Noticed Fannar
 23531 | Orc:2    | Killed Fannar
 23562 | Orc:2    | Noticed Maurice
 23566 | Orc:2    | Killed Maurice
 23932 | Orc:2    | Found a roughly hewn altar of Beogh.
 24545 | Orc:3    | Reached skill level 10 in Dodging
 24949 | Orc:4    | Entered Level 4 of the Orcish Mines
 24950 | Orc:4    | Noticed Erolcha
 24958 | Orc:4    | Killed Erolcha
 24975 | Orc:4    | Found Rinidghivaa's Assorted Antiques.
 24980 | Orc:4    | Found a staircase to the Elven Halls.
 24985 | Orc:4    | Bought a cyan potion for 27 gold pieces
 25197 | Orc:4    | Noticed an orc warlord
 26512 | D:13     | Found Umizug's Weapon Shop.
 26554 | D:13     | Noticed Psyche
 26557 | D:13     | Killed Psyche
 26802 | D:13     | Reached XP level 15. HP: 54/92 MP: 22/39
 26868 | D:13     | Reached skill level 18 in Conjurations
 27606 | D:13     | Reached skill level 11 in Dodging
 27946 | D:14     | Found a gate to the Vaults.
 28961 | D:10     | You paid a toll of 7 potions of haste to enter a treasure trove
 28962 | Trove    | Entered a treasure trove
 29123 | Trove    | Got a translucent chain mail
 29154 | Trove    | Got a brightly glowing ring mail
 29168 | Trove    | Got a pair of transparent boots
 29410 | Lair:1   | Identified the -3 pair of boots of Sin {Int+2 Dex+3} (You found it in a treasure trove)
 29432 | Lair:1   | Identified the +1 chain mail of Mnaf {Slay+5} (You found it in a treasure trove)
 29442 | Lair:1   | Identified the cursed +3 ring mail "Byochia" {+Inv +Fly} (You found it in a treasure trove)
 29691 | D:15     | Entered Level 15 of the Dungeon
 29753 | D:15     | Found a staircase to the Depths.
 29810 | D:15     | Reached skill level 11 in Fighting
 29983 | D:15     | Reached skill level 12 in Dodging
 29990 | D:15     | Received a gift from Sif Muna
 29996 | D:15     | Identified Sif Muna's Collected Works on Combat Magic and Intoxication (Sif Muna gifted it to you on level 15 of the Dungeon)
 30052 | D:15     | Noticed Roxanne
 31517 | D:15     | Killed Roxanne
 31999 | Orc:4    | Killed an orc warlord
 32080 | Orc:4    | Found Suuby's Antique Armour Emporium.
 32120 | Orc:4    | Reached skill level 13 in Dodging
 32120 | Orc:4    | Reached skill level 19 in Conjurations
 32275 | Orc:4    | Reached XP level 16. HP: 91/100 MP: 22/40
 32276 | Orc:4    | Reached skill level 1 in Invocations
 32479 | Orc:4    | Found Lame's Jewellery Boutique.
 32762 | Orc:4    | Found Klasm's Antique Weapon Shop.
 32779 | Orc:4    | Reached skill level 2 in Invocations
 32834 | Orc:4    | Found Sihogus' General Store.
 32964 | Orc:4    | Bought a pair of embroidered gloves for 126 gold pieces
 32964 | Orc:4    | Bought a crude leather armour for 196 gold pieces
 32964 | Orc:4    | Bought an embroidered robe for 19 gold pieces
 32996 | Orc:4    | Bought a +2 buckler of reflection for 259 gold pieces
 32996 | Orc:4    | Bought a book of Party Tricks for 700 gold pieces
 32998 | Orc:4    | Learned a level 1 spell: Apportation
 33042 | Orc:4    | Identified the +0 leather armour "Steto" {SInv} (You bought it in a shop on level 4 of the Orcish Mines)
 33299 | Shoals:1 | Entered Level 1 of the Shoals
 33532 | Shoals:1 | Reached skill level 3 in Invocations
 33969 | Shoals:1 | Reached skill level 4 in Invocations
 34566 | Shoals:2 | Reached skill level 12 in Fighting
 34580 | Shoals:2 | Noticed Norris
 35049 | Shoals:2 | Reached skill level 5 in Invocations
 35180 | Shoals:2 | Reached skill level 14 in Dodging
 35433 | Shoals:2 | Paralysed by Norris for 4 turns
 35438 | Shoals:2 | Killed Norris
 36083 | Shoals:3 | Reached skill level 6 in Invocations
 36535 | Shoals:3 | Reached skill level 15 in Dodging
 36887 | Shoals:3 | Reached skill level 8 in Charms
 37569 | Shoals:4 | Noticed Louise
 37577 | Shoals:4 | Reached skill level 7 in Invocations
 37609 | Shoals:4 | Noticed Polyphemus
 37720 | Shoals:4 | Killed Polyphemus
 37778 | Shoals:4 | Reached XP level 17. HP: 106/108 MP: 3/41
 38388 | Shoals:4 | Noticed BLOAX's ghost (powerful MiGl)
 38393 | Shoals:4 | Reached skill level 9 in Charms
 38400 | Shoals:4 | Killed BLOAX's ghost
 38627 | Shoals:4 | Killed Louise
 38627 | Shoals:4 | Reached skill level 16 in Spellcasting
 38896 | Shoals:5 | Entered Level 5 of the Shoals
 39128 | Shoals:5 | Reached skill level 8 in Invocations
 39206 | Shoals:5 | Received a gift from Sif Muna
 39206 | Shoals:5 | Reached skill level 10 in Charms
 39207 | Shoals:5 | Identified Zisav's Papyrus of Torrid Confrontation (Sif Muna gifted it to you on level 5 of the Shoals)
 39239 | Shoals:5 | Noticed Ilsuiw
 39407 | Shoals:5 | Killed Ilsuiw
 39541 | Shoals:5 | Reached skill level 13 in Fighting
 39624 | Shoals:5 | Reached skill level 11 in Charms
 39728 | Shoals:5 | Got a barnacled rune of Zot
 39738 | Shoals:5 | Learned a level 4 spell: Sticky Flame
 39903 | Shoals:5 | Reached skill level 9 in Invocations
 40400 | Lair:4   | Learned a level 6 spell: Bolt of Fire
 40656 | Shoals:5 | Reached skill level 17 in Spellcasting
 40659 | Shoals:5 | Reached skill level 1 in Fire Magic
 40662 | Shoals:5 | Received a gift from Sif Muna
 40667 | Shoals:5 | Identified Sif Muna's Almanac of Conjuration (Sif Muna gifted it to you on level 5 of the Shoals)
 41179 | Shoals:2 | Reached skill level 2 in Fire Magic
 41232 | Lair:4   | Upgraded the game from 0.16-a0-3458-g6d2551d to 0.16-a0-3467-gfe061fe
 41708 | Vaults:1 | Entered Level 1 of the Vaults
 41930 | Vaults:1 | HP: 3/110 [something (5)]
 41930 | Vaults:1 | Mangled by a shadow wraith

Action                   |  1- 3 |  4- 6 |  7- 9 | 10-12 | 13-15 | 16-18 || total
-------------------------+-------+-------+-------+-------+-------+-------++-------
Melee: Unarmed           |     1 |       |       |       |       |       ||     1
       Short sword       |       |    38 |       |       |       |       ||    38
       Dagger            |       |     2 |     9 |       |       |       ||    11
       Falchion          |       |       |       |       |   230 |     2 ||   232
       Blowgun           |       |       |       |       |     1 |       ||     1
       Staff             |       |       |       |       |     3 |       ||     3
 Fire: Blowgun           |       |    16 |    70 |    25 |    30 |     7 ||   148
Throw: Javelin           |       |       |       |       |     1 |       ||     1
 Cast: Magic Dart        |    78 |    95 |   198 |   293 |   564 |   124 ||  1352
       Searing Ray       |     1 |    10 |    33 |    49 |    16 |     2 ||   111
       Dazzling Spray    |       |     5 |     8 |     9 |    45 |    57 ||   124
       Iskenderun's Myst |       |     1 |    12 |    69 |   405 |   388 ||   875
       Iskenderun's Batt |       |       |    17 |    72 |   175 |   109 ||   373
       Fulminant Prism   |       |       |     1 |       |    14 |     6 ||    21
       Repel Missiles    |       |       |       |     1 |     3 |     4 ||     8
       Conjure Flame     |       |       |       |    14 |    41 |    35 ||    90
       Flight            |       |       |       |     2 |     5 |       ||     7
       Force Lance       |       |       |       |       |    17 |    55 ||    72
       Swiftness         |       |       |       |       |     1 |       ||     1
       Regeneration      |       |       |       |       |       |    16 ||    16
       Apportation       |       |       |       |       |       |     5 ||     5
       Bolt of Fire      |       |       |       |       |       |     7 ||     7
       Sticky Flame      |       |       |       |       |       |     5 ||     5
Invok: Channel Energy    |       |       |       |   275 |   888 |   673 ||  1836
       Forget Spell      |       |       |       |       |       |     1 ||     1
 Abil: Evoke Flight      |       |       |       |       |     1 |       ||     1
Evoke: Wand              |       |       |       |       |     8 |     2 ||    10
       Lamp of fire      |       |       |       |       |       |     1 ||     1
  Use: Scroll            |     2 |    10 |    10 |    11 |     9 |     6 ||    48
       Potion            |       |     1 |       |     1 |     2 |     3 ||     7
 Stab: Sleeping          |       |     2 |    15 |     8 |     7 |       ||    32
       Distracted        |       |     1 |     1 |       |       |       ||     2
       Invisible         |       |       |       |       |     3 |       ||     3
  Eat: Chunk             |     2 |     5 |    15 |    71 |   160 |   117 ||   370
       Beef jerky        |       |       |     1 |       |     1 |     3 ||     5
       Pizza             |       |       |     1 |       |       |       ||     1
       Bread ration      |       |       |     1 |       |     4 |     1 ||     6
       Fruit             |       |       |       |       |     1 |       ||     1
       Meat ration       |       |       |       |       |       |     1 ||     1

Table legend:
 A = Turns spent in this place as a percentage of turns spent in the entire game.
 B = Non-inter-level travel turns spent in this place as a percentage of non-inter-level travel turns spent in the entire game.
 C = Inter-level travel turns spent in this place as a percentage of turns spent in this place.
 D = Turns resting spent in this place as a percentage of non-inter-level travel turns spent in this place.
 E = Turns spent auto-exploring this place as a percentage of non-inter-level travel turns spent in this place.
 F = Non-inter-level travel turns spent in this place divided by the number of levels of this place that you've seen.
                   A       B       C       D       E      F
               +-------+-------+-------+-------+-------+----------------------
         Total | 100.0 | 100.0 |   0.6 |   1.3 |   2.7 | 570.9
       Dungeon |  38.3 |  38.3 |   0.7 |   2.2 |   4.0 | 525.1
        Temple |   0.3 |   0.3 |   3.3 |   0.0 |   8.6 |  58.0
          Lair |  27.4 |  27.4 |   0.6 |   0.5 |   2.3 | 703.0
        Shoals |  19.1 |  19.2 |   0.5 |   1.5 |   1.7 | 787.2
  Orcish Mines |  11.5 |  11.5 |   0.8 |   0.2 |   1.3 | 589.5
        Vaults |   1.0 |   1.0 |   0.0 |   0.0 |   0.5 | 197.0
         Trove |   1.5 |   1.5 |   0.0 |   0.0 |   0.0 | 301.0
         Sewer |   1.0 |   1.0 |   0.0 |   1.0 |   0.5 | 200.0
               +-------+-------+-------+-------+-------+----------------------

Vault maps used:
D:1:      evilmike_arrival_fibonacci_small, serial_park_tiny_1, baited_tele_trap
D:2:      lemuel_coloured_pillars_altar, lemuel_crystal_altar,
          grunt_ministairs_12, uniq_sigmund
D:3:      serial_bayou_pond_a, uniq_grinder
D:4:      nicolae_overflow_hidden_temple, first_bread, portal_sewer_entry_a,
          uniq_duvessa
D:5:      nicolae_overflow_crystal_walls, kennysheep_little_box
D:6:      wad_river_or_something, zin_angel, serial_shops, shop_coins,
          minmay_misc_feat_nine_boxes
D:7:      lemuel_mausoleum_altar_kikubaaqudgha, overflow_temple_1_default,
          temple_doors_a
D:8:      kennysheep_mini, serial_shops, nicolae_shop_waterfront
D:9:      overflow_temple_1_default, okawaru_trees_2
D:10:     orc_0_dummy, nicolae_trove_entry_crystal, david_nohive_1,
          minmay_misc_feat_pillars, minmay_misc_feat_enclosed
D:11:     david_lair_shrubbed, serial_shops, shop, ashenzari_altar_1,
          uniq_nessos
D:12:     hex_tiny, roderic_lattice_a
D:13:     serial_shops, shop, minivault_10, st_stairs_4, uniq_psyche
D:14:     david_vaults_2, serial_bayou_ford_a, lightli_wizard_tower
D:15:     hangedman_depths_entry_try_elsewhere_first, hex_medium,
          nrook_pool_corridor, fountainhead, uniq_roxanne
Temple:   temple_of_Zot_orb
Lair:2:   uniq_erica, uniq_gastronok
Lair:3:   nicolae_spider_entry_non_spiders, minivault_26,
          nicolae_quartered_pool_super, grunt_forest_small_clearings,
          bobbens_dragon_lair_wall, uniq_prince_ribbit2
Lair:4:   elwin_shoals_entry_rocks, grunt_forest_large_clearing_hut
Lair:5:   minmay_shoals_entry_centaurs, minivault_25
Lair:6:   minmay_slime_entry_pillars, lemuel_fruit_fields, grunt_megastairs_3,
          uniq_harold
Lair:7:   serial_bayou_pond_c, grunt_megastairs_2, serial_bayou_shore_a
Lair:8:   evil_forest, guppyfry_lair_drakes
Shoals:2: abandoned_shop, uniq_norris
Shoals:4: nicolae_shoals_kraken_intersection, uniq_louise, uniq_polyphemus
Shoals:5: shoals_end_simple, shoal_ilsuiw, nicolae_shoals_mertower
Orc:2:    minmay_orc_temple_b, uniq_maurice, uniq_fannar, uniq_grum
Orc:3:    nicolae_orc_pool_cavern
Orc:4:    serial_shops, shop_fountains, grunt_orc_gardens, grunt_orc_garden,
          grunt_orc_garden, grunt_orc_garden, grunt_orc_garden,
          nicolae_orc_tapped_out, uniq_erolcha
Vaults:1: ontoclasm_vaults_shuriken, dpeg_vaults_pockets_of_resistance,
          v_rooms_6, ontoclasm_vaults_bender, ontoclasm_vaults_hangar,
          v_misc_28, vaults_mumra_hexcomb, nicolae_vaults_what_the_h,
          serial_shops, shop, shop
Trove:    trove_nasty
Sewer:    kennysheep_door_sewer
